 Dungeon Crawl Stone Soup version 0.24-a0-284-g9fb9971df1 (webtiles) character file.

Game seed: 5545533236678528295

46 Redear the Insei (level 3, -1/23 HPs)
             Began as an Octopode Transmuter on May 4, 2019.
             Slain by a hobgoblin
             ... wielding a +0 club
              (2 damage)
             ... on level 2 of the Dungeon.
             The game lasted 00:02:19 (1632 turns).

Redear the Insei (Octopode Transmuter)              Turns: 1632, Time: 00:02:19

Health: -1/23      AC:  1    Str: 10    XL:     3   Next: 68%
Magic:  6/6        EV: 13    Int: 20    God:
Gold:   77         SH:  0    Dex: 12    Spells: 6/7 levels left

rFire    . . .     SeeInvis .     - Unarmed
rCold    . . .     Gourm    .   (no shield)
rNeg     . . .     Faith    .   (helmet restricted)
rPois    .         Spirit   .   (no amulet)
rElec    .         Reflect  .   (no ring)
rCorr    .         Harm     .   (no ring)
MR       .....                  (no ring)
Stlth    ++........             (no ring)
HPRegen  0.07/turn              (no ring)
MPRegen  0.10/turn              (no ring)
                                (no ring)
                                (no ring)

@: brilliant, lethally poisoned (-1 -> -5), hasted, very quick
A: almost no armour, stealthy swim, amphibious, 8 rings, constrict 8, camouflage
1, gelatinous body 1
a: no special abilities


You were on level 2 of the Dungeon.
You were very hungry.

You visited 1 branch of the dungeon, and saw 2 of its levels.

You collected 77 gold pieces.

Inventory:

Missiles
 a - 31 arrows
Jewellery
 c - an uncursed ring of positive energy {rN+}
 f - an uncursed ring of positive energy {rN+}
Scrolls
 d - a scroll of enchant armour {unknown}
 h - a scroll of identify {unknown}
 i - a scroll of blinking {unknown}
Comestibles
 z - 5 rations


   Skills:
 - Level 1.0 Fighting
 - Level 2.0 Dodging
 + Level 3.5 Unarmed Combat
 + Level 2.6 Spellcasting
 + Level 2.8 Transmutations


You had 6 spell levels left.
You knew the following spells:

 Your Spells              Type           Power        Failure   Level  Hunger
z - Beastly Appendage     Tmut           ####..       1%          1    None

Your spell library contained the following spells:

 Spells                   Type           Power        Failure   Level  Hunger
 Sticks to Snakes         Tmut           ####....     1%          2    ##.....
 Spider Form              Tmut/Pois      ###.......   3%          3    ###....
 Ice Form                 Ice/Tmut       ###.....     10%         4    ####...
 Blade Hands              Tmut           ####......   14%         5    ######.


Dungeon Overview and Level Annotations

Branches:
Dungeon (2/15)

Altars:


Innate Abilities, Weirdness & Mutations

You cannot wear most types of armour.
You are very stealthy in the water. (Stealth+)
You are amphibious.
You can wear up to eight rings at the same time.
You can use your tentacles to constrict eight enemies at once.
Your skin changes colour to match your surroundings (Stealth+).
Your rubbery body absorbs attacks. (AC +1, EV +1)


Message History

You constrict the hobgoblin, but do no damage.
You feel sick.
The hobgoblin throws a stone.
The stone hits you but does no damage. The hobgoblin hits you with a +0 club.
* * * LOW HITPOINT WARNING * * *
You take 5 damage, and have 1/23 hp.
MASSIVE DAMAGE!!
Put on which piece of jewellery? (? for menu, Esc to quit)
Okay, then.
You tentacle-slap the hobgoblin.
You kill the hobgoblin!
The hobgoblin throws a stone.
The stone barely misses you.
Okay, then.
You aren't carrying any items that you can evoke.
Unknown command.
Okay, then.
Okay, then.
You feel yourself speed up.
The hobgoblin throws a stone.
The stone closely misses you.
Unknown command.
The hobgoblin hits you with a +0 club.
You die...

#.......###...###.#
#.........###..##.#
##.#(........##....#
#..#(.######..#....#
#.##.##.. .##.#.#
#.#..#..% # .#.#.#
#.#..#.g# .# #.#.#
#.#.(#.b##[.# #...#
#.#)@#..?...# #....
#.##g##....# #.###
#..#.....###
##..b.....#
###....### ######


You could see a hobgoblin.

Vanquished Creatures
  2 adders (D:2)
  2 worms (D:2)
  2 giant cockroaches (D:2)
  4 hobgoblins
  3 jackals (D:2)
  A quokka (D:2)
  3 bats
  2 frilled lizards (D:2)
  3 kobolds
  2 rats
24 creatures vanquished.

Vanquished Creatures (others)
  4 toadstools (D:1)
4 creatures vanquished.

Grand Total: 28 creatures vanquished

Notes
Turn   | Place    | Note
-------+----------+-------------------------------------------
     0 | D:1      | Redear the Octopode Transmuter began the quest for the Orb.
     0 | D:1      | Reached XP level 1. HP: 13/13 MP: 3/3
   627 | D:2      | Reached XP level 2. HP: 12/18 MP: 3/5
  1167 | D:2      | Reached XP level 3. HP: 19/23 MP: 4/6
  1629 | D:2      | HP: 1/23 [hobgoblin/+0 club (4)]
  1632 | D:2      | Slain by a hobgoblin

Levels and vault maps discovered:
D:1:      ldierk_walled_garden_2, layout_basic
D:2:      layout_basic, minmay_randomly_rotated_circles, uniq_robin,
          uniq_crazy_yiuf_cottage

Action                   || total
-------------------------++-------
Melee: Unarmed           ||    57
       Constrict         ||    17
       Tentacles         ||    13
       Kick              ||     4
 Cast: Beastly Appendage ||     5
  Use: Potion            ||     4
 Stab: Sleeping          ||     2
  Eat: Chunk             ||     1
Armor: Skin              ||     4
Dodge: Dodged            ||    34

Table legend:
 A = Non-vault XP
 B = Vault XP
 C = Vault XP percentage of total XP
 D = Non-vault monster count
 E = Vault monster count
 F = Vault count percentage of total count
                 A         B        C        D         E       F
            +---------+---------+-------+---------+---------+-------
      Total |      48 |      19 |  28.4 |      18 |       6 |  25.0
            +---------+---------+-------+---------+---------+-------
        D:1 |       5 |       0 |   0.0 |       4 |       0 |   0.0
        D:2 |      43 |      19 |  30.6 |      14 |       6 |  30.0
            +---------+---------+-------+---------+---------+-------
